 Dungeon Crawl Stone Soup version 0.24-a0-652-g46ecf6da75 (webtiles) character file.

Game seed: 12269915554713733629, levelgen mode: deterministic

33 PowerBauer the Chopper (level 3, -5/33 HPs)
             Began as a Minotaur Berserker on Sept 26, 2019.
             Was a Believer of Trog.
             Slain by Sigmund
             ... wielding a +5 scythe of protection
              (13 damage)
             ... on level 2 of the Dungeon.
             The game lasted 00:15:35 (955 turns).

PowerBauer the Chopper (Minotaur Berserker)          Turns: 955, Time: 00:15:36

Health: -5/33      AC:  9    Str: 21    XL:     3   Next: 12%
Magic:  2/2        EV:  8    Int:  4    God:    Trog [**....]
Gold:   28         SH:  0    Dex: 10    Spells: 2/2 levels left

rFire    + . .     SeeInvis .   a - +0 hand axe
rCold    + . .     Gourm    .   (no shield)
rNeg     . . .     Faith    .   l - +0 chain mail
rPois    .         Spirit   .   (helmet restricted)
rElec    .         Reflect  .   m - scarf {rC+ rF+}
rCorr    .         Harm     .   (no gloves)
MR       .....                  (no boots)
Stlth    ..........             (no amulet)
HPRegen  0.11/turn              (no ring)
MPRegen  0.08/turn              (no ring)

@: no status effects
A: retaliatory headbutt, horns 2
a: Berserk, Trog's Hand, Renounce Religion


You were on level 2 of the Dungeon.
You worshipped Trog.
Trog was pleased with you.
You were hungry.

You visited 1 branch of the dungeon, and saw 2 of its levels.

You collected 28 gold pieces.

Inventory:

Hand Weapons
 a - a +0 hand axe (weapon)
Missiles
 e - 22 stones (quivered)
 g - 21 sling bullets
Armour
 l - a +0 chain mail (worn)
 m - a scarf of resistance (worn)
Scrolls
 d - a scroll of immolation {unknown}
 f - a scroll of fear {unknown}
 k - a scroll of identify {unknown}
 n - a scroll of remove curse {unknown}
Potions
 b - a potion of haste {unknown}
 h - a potion of agility {unknown}
 i - a potion of brilliance {unknown}
Comestibles
 c - 2 rations


   Skills:
 + Level 4.2 Fighting
 + Level 4.2 Axes
 + Level 2.8 Armour
 + Level 2.5 Dodging


You had 2 spell levels left.
You didn't know any spells.
Your spell library was empty.

Dungeon Overview and Level Annotations

Branches:
Dungeon (2/15)

Altars:

Annotations:
D:2 Sigmund


Innate Abilities, Weirdness & Mutations

You reflexively headbutt those who attack you in melee.
You have a pair of horns on your head.


Message History

Something hits you.
You swing at nothing.
You swing at nothing.
Something hits you but does no damage.
You swing at nothing.
Something hits you.
You swing at nothing.
You swing at nothing.
Something hits you!
You feel the effects of Trog's Hand fading.
Something hits you!
You swing at nothing.
Your skin stops crawling.
You feel less resistant to hostile enchantments.
You hear some strange, mumbled words.
A magic dart appears from out of thin air!
The magic dart hits you.
You closely miss something. You headbutt something.
You are feeling hungry.
Something hits you.
* * * LOW HITPOINT WARNING * * *
You closely miss something. Something hits you!
You die...

###### #.. .# .....# #..
### .# #....# #.. ..# .#
#.#..# #..##.####.##
#.#..####............
#.#....##...#.# .#
#.#.##.##...#.####.####.#
..>............{@........
#..#.######.##########..#
#....)......##
##.#.........#
##...........+
.......)#....#
#######.#.†..# #.#.#####
#######.#.....#


There were no monsters in sight!

Vanquished Creatures
  2 dart slugs (D:1)
  2 leopard geckos (D:1)
  4 goblins
  A hobgoblin (D:1)
  3 jackals (D:1)
  3 kobolds
  14 rats (D:1)
29 creatures vanquished.

Notes
Turn   | Place    | Note
-------+----------+-------------------------------------------
     0 | D:1      | PowerBauer the Minotaur Berserker began the quest for the
                  | Orb.
     0 | D:1      | Reached XP level 1. HP: 19/19 MP: 0/0
    49 | D:1      | Reached XP level 2. HP: 27/27 MP: 1/1
   639 | D:1      | Reached XP level 3. HP: 29/33 MP: 2/2
   847 | D:2      | Reached ** piety under Trog
   933 | D:2      | Noticed Sigmund
   955 | D:2      | Slain by Sigmund

Levels and vault maps discovered:
D:1:      erik_arrival_orb_chamber, layout_basic
D:2:      minmay_inner_zag, layout_basic, uniq_sigmund

Skill      XL: |  1  2 |
---------------+-------+-----
Fighting       | 4 |  4.2
Axes           | 4 |  4.2
Armour         | |  2.8
Dodging        | |  2.5

Action                   || total
-------------------------++-------
Melee: Hand axe          ||    60
       Headbutt          ||     6
Invok: Trog's Hand       ||     1
Armor: Animal skin       ||     2
       Chain mail        ||    13
       Leather armour    ||     7
       Ring mail         ||     1
Dodge: Dodged            ||    26

Table legend:
 A = Non-vault XP
 B = Vault XP
 C = Vault XP percentage of total XP
 D = Non-vault monster count
 E = Vault monster count
 F = Vault count percentage of total count
                 A         B        C        D         E       F
            +---------+---------+-------+---------+---------+-------
      Total |      36 |      12 |  25.0 |      17 |      12 |  41.4
            +---------+---------+-------+---------+---------+-------
        D:1 |      32 |      12 |  27.3 |      14 |      12 |  46.2
        D:2 |       4 |       0 |   0.0 |       3 |       0 |   0.0
            +---------+---------+-------+---------+---------+-------
